 Dungeon Crawl Stone Soup version 0.13-a0-1804-g486adc7 (webtiles) character file.

269 Duskembrace the Ruffian (level 5, -7/38 (44) HPs)
             Began as a Ghoul Monk on June 24, 2013.
             Killed from afar by an orc wizard (8 damage)
             ... with a puff of flame
             ... on Level 3 of the Dungeon.
             The game lasted 00:07:44 (2499 turns).

Duskembrace the Ruffian (Ghoul Monk)                Turns: 2499, Time: 00:07:44

HP  -7/38 (44)   AC  3     Str 15      XL: 5   Next: 16%
MP   3/3         EV 13     Int  5      God:
Gold 136         SH  0     Dex 12      Spells:  0 memorised,  4 levels left

Res.Fire  : . . .   See Invis. : .     - Unarmed
Res.Cold  : + . .   Warding    : .   a - +0 robe
Life Prot.: + + +   Conserve   : .   (no shield)
Res.Poison: +       Res.Corr.  : .   (no helmet)
Res.Elec. : .       Clarity    : .   l - +0 cloak {MR+}
Sust.Abil.: . .     Spirit.Shd : .   (no gloves)
Res.Mut.  : .       Stasis     : .   (no boots)
Res.Rott. : +       Flight     : .   (no amulet)
Saprovore : + + +                    (no ring)
                                     (no ring)

@: rotting, somewhat resistant to hostile enchantments, fairly stealthy
A: rotting body, claws 1, carnivore 3, cold resistance 1, life protection 3,
poison resistance, saprovore 3, slow healing 1, torment resistance, unbreathing
a: no special abilities


You were on level 3 of the Dungeon.
You were not hungry.

You visited 1 branch of the dungeon, and saw 3 of its levels.

You collected 136 gold pieces.

Inventory:

Armour
 a - a +0 robe (worn)
 l - a +0 cloak of magic resistance (worn)
Magical devices
 j - a wand of random effects (4) {unknown}
 k - a wand of flame (11)
Comestibles
 g - a meat ration
Scrolls
 c - 3 scrolls of identify {unknown}
 d - a scroll of enchant weapon I {unknown}
 f - 3 scrolls of teleportation {unknown}
 m - a scroll of curse armour {unknown}
Potions
 b - a potion of slowing {unknown}
 e - a potion of cure mutation {unknown}
 h - 3 potions of curing {unknown}
 i - a potion of beneficial mutation {unknown}


   Skills:
 + Level 4.0 Fighting
 + Level 3.4 Dodging
 + Level 2.7 Stealth
 + Level 5.7 Unarmed Combat


You had 4 spell levels left.
You didn't know any spells.

Dungeon Overview and Level Annotations

Branches:
Dungeon (3/27)

Altars:


Innate Abilities, Weirdness & Mutations

Your body is rotting away.
You have sharp fingernails.
You are carnivorous and can eat meat at any time.
Your flesh is cold resistant.
You are immune to negative energy.
Your system is resistant to poisons.
You thrive on rotten meat.
You heal slowly.
You are immune to unholy pain and torment.
You can survive without breathing.


Message History

The puff of flame hits you!
* * * LOW HITPOINT WARNING * * *
You closely miss the orc wizard.
The orc wizard is severely wounded.
The orc wizard hits you with a runed orcish dagger.
* * * LOW HITPOINT WARNING * * *
You completely miss the orc wizard.
The orc wizard is severely wounded.
The orc wizard hits you with a runed orcish dagger.
* * * LOW HITPOINT WARNING * * *
You hit the orc wizard.
The orc wizard is almost dead.
The orc wizard mumbles some strange words.
The orc wizard flickers and vanishes!
Deactivating autopickup; reactivate with Ctrl-A.
It barely misses you.
You hear some strange, mumbled words.
A puff of flame appears from out of thin air!
The puff of flame hits you!
You die...

#.#
#.########.##
#.# #.# #.#
#.# #.# #.#
#.# #.# #.#
#)# #.# #.#
#o# #.# #.#
#.# #.# #.#
#.# #.# #(#
#@# #.# #.#
#.####.# #.#
#......# #.#
######## #.#
#.# #.# #.##
#... ####


You could see an orc.

Vanquished Creatures
  Crazy Yiuf (D:2)
  Ijyb (D:2)
  Terence (D:3)
  2 adders (D:2)
  A worm (D:2)
  3 giant geckos
  4 orcs (D:3)
  3 bats (D:2)
  3 giant cockroaches
  6 goblins
  6 hobgoblins
  2 giant newts
  4 jackals (D:1)
  3 kobolds
  5 rats
45 creatures vanquished.

Notes
Turn   | Place    | Note
--------------------------------------------------------------
     0 | D:1      | Duskembrace, the Ghoul Monk, began the quest for the Orb.
     0 | D:1      | Reached XP level 1. HP: 17/17 MP: 0/0
     0 | D:1      | Noticed an ogre skeleton
     0 | D:1      | Noticed an elf skeleton
     7 | D:1      | Noticed a draconian skeleton
    10 | D:1      | Noticed a centaur skeleton
    12 | D:1      | Noticed a felid skeleton
    12 | D:1      | Noticed a centaur skeleton
    13 | D:1      | Noticed a felid skeleton
    18 | D:1      | Noticed a human skeleton
    19 | D:1      | Noticed a felid skeleton
   257 | D:1      | Reached XP level 2. HP: 14/24 MP: 1/1
   745 | D:2      | Noticed Ijyb
   767 | D:2      | Killed Ijyb
   767 | D:2      | Reached skill level 5 in Unarmed Combat
   767 | D:2      | Reached XP level 3. HP: 3/30 MP: 2/2
  1272 | D:2      | Reached XP level 4. HP: 19/32 MP: 2/2
  1582 | D:2      | Noticed Crazy Yiuf
  1594 | D:2      | Killed Crazy Yiuf
  2119 | D:3      | Noticed Terence
  2142 | D:3      | Killed Terence
  2142 | D:3      | Reached XP level 5. HP: 8/38 MP: 3/3
  2495 | D:3      | HP: 1/38 [orc wizard/runed orcish dagger (2)]
  2499 | D:3      | Killed from afar by an orc wizard

Action                   |  1- 3 |  4- 6 || total
-------------------------+-------+-------++-------
Melee: Unarmed           |   103 |    88 ||   191
 Stab: Sleeping          |     2 |       ||     2
       Distracted        |     1 |     1 ||     2
